[Event "Champions Chess Tour  Aimchess Rapid 2023"]
[Site "Chess.com"]
[Date "2023.07.10"]
[Round "1"]
[White "Carlsen, Magnus"]
[Black "Van Foreest, Jorden"]
[Result "1-0"]
[WhiteElo "2892"]
[BlackElo "2687"]
[ECO "C67"]
[EventDate "2023.??.??"]
[Annotator "rafael"]
[PlyCount "101"]
[Beauty "6942009341959"]
[EventType "rapid"]
[TimeControl "900+3"]

1.e4 e5 2.Nf3 Nc6 3.Bb5 Nf6 4.O-O Nxe4 5.Re1 Nd6 6.Nxe5 Be7 7.Bf1 Nxe5 8.Rxe5 O-O 9.d4 Bf6 10.Re1 {Both players have a lot of experience in this important position of the Berlin Defense.} 10...Re8 11.Bf4 Rxe1 12.Qxe1 Ne8 {The most solid move. Taking on d4 is also possible although riskier.} ( 12...Bxd4 13.Bxd6 cxd6 14.Nc3 Bxc3 $6 ( 14...Be5 $1 {[%c_effect e5;square;e5;type;GreatFind;persistent;true] is better.} ) 15.Qxc3 b6 16.Qf3 Rb8 17.Bc4 Qe7 18.Bd5 {White had the advantage in Carlsen-Gukesh, Speed Chess (blitz) 2022.} ) 13.c3 ( 13.Nc3 {is also possible. A recent example continued:} 13...Bxd4 14.Nd5 c6 ( 14...d6 15.Bg5 f6 {is another line that should lead to equality.} ) 15.Ne7+ Kf8 16.Nxc8 Qf6 $1 {[%c_effect f6;square;f6;type;GreatFind;persistent;true] and Black managed to equalize in Robson-Dominguez Perez, Berlin (blitz) 2023.} ) 13...d5 14.Nd2 c6 ( 14...Bf5 {Carlsen didn't manage to pose problems in his game against Nakamura, but he certainly has some improvement:} 15.Qe3 c6 16.Re1 Nd6 17.Qg3 Ne4 18.Nxe4 Bxe4 19.Bd3 Bxd3 20.Qxd3 Qd7 {with equality in Carlsen-Nakamura, Speed Chess (blitz) 2022.} ) 15.a4 {Carlsen had played this move before. He provokes some queenside pawn play before playing the bishop to d3.} 15...a5 ( 15...Bf5 16.a5 {Now White gains some space on the queenside. This was played in a correspondence game.} ) 16.Bd3 g6 17.Nf3 Ng7 ( 17...Nd6 {is not so accurate. White had a small advantage after} 18.Qe3 Bg4 19.Re1 {in Carlsen-So, Meltwater Tour (rapid) 2022.} ) 18.Bh6 {A new and interesting move.} ( 18.Qe3 Bf5 {was equal in Vachier Lagrave-So, Zagreb (rapid) 2022.} ) 18...Be6 {A good reply. It's too early to place a piece on the f5-square.} ( 18...Nf5 19.Bxf5 Bxf5 20.Qe3 {with a slight advantage for White due to the good control of the dark squares.} ) ( 18...Bf5 19.Bxg7 Bxd3 20.Bxf6 Qxf6 21.Qe3 {with a slight plus as the knight is about to jump to e5.} ) 19.h3 Qd6 20.Qd2 Re8 21.Re1 Qd8 22.g4 {I think White should look for an improvement here in order to fight for the advantage.} ( 22.Ne5 $1 {[%c_effect e5;square;e5;type;GreatFind;persistent;true] is a natural reply. If Black plays} 22...Nf5 {then} 23.Bxf5 $1 Bxf5 24.Qf4 {gives White a little pressure.} ) 22...Bc8 23.Rxe8+ Nxe8 24.Qf4 Qc7 25.Kg2 ( 25.Ne5 {doesn't change the evaluation:} 25...Bd8 {followed by f7-f6.} ) 25...Qxf4 26.Bxf4 {One more equal endgame that Carlsen is going to win. What's his secret $2 Everyone asks this question. I think the main point is the will to win, which is more difficult to learn than pure endgame skill.} 26...Be7 27.g5 Bd6 28.Ne5 Kf8 29.h4 Ke7 30.h5 Ng7 31.h6 Ne6 32.Be3 Nf8 ( 32...c5 {is also possible, exchanging pawns.} 33.f4 cxd4 34.cxd4 Nf8 {with equality.} ) 33.Kf3 Bf5 $5 {[%c_effect f5;square;f5;type;Interesting;persistent;true] van Foreest is a brave and confident player, and he was probably looking for his own winning chances. If he wanted to simply hold a draw, this wouldn't be so difficult with solid moves.} ( 33...Nd7 34.Nxd7 Bxd7 35.Bf4 Bxf4 36.Kxf4 Kd6 {White has no way to break Black's position.} ) ( 33...Be6 {is also good.} ) 34.Bxf5 gxf5 35.Nd3 Ne6 36.b4 $1 {[%c_effect b4;square;b4;type;GreatFind;persistent;true] White must create play on the queenside; otherwise, he risks getting worse.} 36...axb4 ( 36...b6 {leads to equality after} 37.bxa5 bxa5 38.Bd2 ) 37.cxb4 f4 38.Bxf4 Bxf4 39.Nxf4 Nxg5+ 40.Kg4 Ne4 $6 {[%c_effect e4;square;e4;type;Inaccuracy;persistent;true] van Foreest embarks on an ill-fated knight journey.} ( 40...f6 41.a5 Nf7 {is good enough for a draw.} ) ( 40...Ne6 {is also possible. The pawn endgame is drawn after} 41.Nxe6 Kxe6 ) 41.Nd3 Nc3 42.a5 Nb5 $2 {[%c_effect b5;square;b5;type;Mistake;persistent;true] The knight keeps going in the wrong direction, and now the consequences are fatal. It is not too late to come back.} ( 42...Ne4 $1 43.f3 Nf6+ $1 44.Kf5 Nd7 {with good drawing chances.} ) 43.Nc5 {White is now winning, since the b7-pawn cannot be defended.} 43...Nxd4 ( 43...Nd6 44.Nxb7 $1 Nxb7 45.a6 {This is an old trick. The a-pawn cannot be stopped.} ) 44.Nxb7 Nb5 45.a6 {The passed pawn decides the game.} 45...Ke6 46.Kf4 Na7 47.Nd8+ $1 Ke7 48.Nxc6+ $1 Nxc6 49.b5 Nd4 50.a7 Ne6+ 51.Kg3 {Another endgame masterpiece by Carlsen.} ( 51.Kg3 Nc7 52.b6 ) 1-0

[Event "Champions Chess Tour  Aimchess Rapid 2023"]
[Site "Chess.com"]
[Date "2023.07.11"]
[Round "3"]
[White "Iturrizaga Bonelli, Eduardo"]
[Black "Van Foreest, Jorden"]
[Result "1-0"]
[WhiteElo "2702"]
[BlackElo "2688"]
[ECO "E62"]
[EventDate "2023.??.??"]
[Annotator "rafael"]
[PlyCount "133"]
[Beauty "5979936666640"]
[EventType "rapid"]
[TimeControl "900+3"]

1.c4 Nf6 2.Nc3 g6 3.g3 Bg7 4.Bg2 O-O 5.d4 d6 6.Nf3 Nc6 7.O-O e5 {My impression is that this move nowadays is more popular than the Panno Variation with 7...a6. As a side note, in 10 days GM Oscar Panno, the Argentine legend, will celebrate the 70th anniversary of his World Junior title. Congratulations $1} 8.d5 ( 8.dxe5 {is also popular and leads to duller positions where White tries to press with a small advantage.} ) 8...Nb8 {The modern move.} ( 8...Ne7 {is the old main line.} ) 9.e4 a5 10.Rb1 {This move was also played in the first game of the match. Iturrizaga knows this line well: he faced the Brazilian GM Alexandr Fier this year but chose instead the more natural 10.Ne1.} ( 10.Ne1 Na6 11.Nd3 Nd7 12.Be3 Nac5 13.Nxc5 Nxc5 14.a3 Bd7 15.b4 axb4 16.axb4 Rxa1 17.Qxa1 Nb3 18.Qb2 Nd4 {Black was fine in Iturrizaga-Fier, Havana 2023.} ) 10...Na6 11.Re1 Nc5 ( 11...Bd7 {This was played in the first game of the match.} 12.a3 ( 12.b3 {This probably would be Iturrizaga's choice in this game.} ) 12...Nc5 13.b3 b6 $6 {[%c_effect b6;square;b6;type;Inaccuracy;persistent;true] and Van Foreest won a complicated game.} ) 12.b3 Bd7 13.h3 {An useful waiting move.} ( 13.a3 {This transposes to a position from the first game of the match. Instead of 13...b6, played by Van Foreest, Black can play:} 13...a4 14.b4 Nb3 15.Bb2 Bh6 {with chances for both sides in a typical King's Indian position. Ding-Grischuk, Wenzhou 2016.} ) 13...h6 {If he plays h3, I can play h6. This is a good motto, especially in games with fast time controls. It might not be the most accurate, but certainly, it will not be very bad either.} ( 13...Ne8 14.Be3 b6 15.a3 a4 16.b4 Nb3 17.Nd2 Nxd2 18.Qxd2 f5 19.exf5 gxf5 20.f4 {with a small advantage for White in Panjwani-Kavutskiy, San Jose Mission 2022.} ) 14.a3 Kh7 {This move doesn't help Black's position} ( 14...a4 {it's a bit rushed:} 15.b4 Nb3 16.Be3 {White will play 17.Nd2 next.} ) ( 14...Qe7 $1 {[%c_effect e7;square;e7;type;GreatFind;persistent;true] is the best, waiting to see White's intentions.} 15.Qc2 ( 15.b4 axb4 16.axb4 Na4 {with counterplay.} ) 15...a4 $1 {[%c_effect a4;square;a4;type;GreatFind;persistent;true] Now is time.} 16.b4 Nb3 17.Be3 Nh5 {The knight may go to d4 gaining tempo.} ) 15.Qc2 b6 $2 ( 15...a4 16.b4 Nb3 17.Be3 {This position is worse for Black than in the notes to 14...Qe7, since the king on h7 makes the f7-f5 advance less appealing.} ) ( 15...Ne8 {is a better alternative. If White plays the same way with} 16.b4 axb4 17.axb4 Na4 18.Nb5 $6 {[%c_effect b5;square;b5;type;Inaccuracy;persistent;true] Black has} 18...c6 $1 {[%c_effect c6;square;c6;type;GreatFind;persistent;true] and the d6-pawn is protected.} ) 16.b4 axb4 17.axb4 Na4 18.Nb5 $1 {[%c_effect b5;square;b5;type;GreatFind;persistent;true] The knight is stuck on a4, and Black is already losing.} 18...c6 {A desperate attempt to save the poor knight.} 19.Nxd6 ( 19.dxc6 Bxc6 20.Ra1 {is not so clear because of} 20...Bxb5 21.cxb5 Qc8 ) 19...Qc7 20.dxc6 Bxc6 21.Nxe5 $1 {[%c_effect e5;square;e5;type;GreatFind;persistent;true] The only path to victory. But one, sometimes, is good enough.} 21...Qxd6 22.Nxc6 Qxc6 23.e5 Qe6 24.Bxh6 {A flashy move, although there is a simpler and equally effective path.} ( 24.Bxa8 Rxa8 25.Ra1 Nd7 ( 25...b5 26.cxb5 Nb6 27.Rxa8 Nxa8 28.Qc6 {is easily winning for White.} ) 26.Rxa4 Rxa4 27.Qxa4 Nxe5 28.Re3 $1 {[%c_effect e3;square;e3;type;GreatFind;persistent;true] The computer says this is completely winning for White, but in a rapid game, the black knight still promises us an adventure.} ) 24...Nd7 ( 24...Bxh6 25.exf6 Qxf6 26.Bxa8 Rxa8 27.Ra1 {with an easy win.} ) ( 24...Kxh6 {is the best chance:} 25.exf6 Qxf6 26.Bxa8 Rxa8 27.Ra1 Qc6 $1 ( 27...Qxa1 $2 28.Rxa1 Bxa1 29.Qc1+ {wins the bishop.} ) 28.Ra3 $1 ( 28.b5 $6 {[%c_effect b5;square;b5;type;Inaccuracy;persistent;true] This tempting move is less accurate:} 28...Qf3 29.Rxa4 Rxa4 30.Qxa4 Bd4 $1 ) 28...Ra7 29.Qa2 Qa8 {Black is tied up, and White should win easily, but this gives more hope than the game continuation.} ) 25.Bxg7 Kxg7 26.Bxa8 Rxa8 27.Ra1 Nxe5 28.Qe4 $1 Re8 29.Qxe5+ {The simplest.} ( 29.Rxa4 Nf3+ 30.Qxf3 Qxe1+ 31.Kg2 ) 29...Qxe5 30.Rxe5 Rxe5 31.Rxa4 Re4 32.Ra6 b5 33.cxb5 Rxb4 34.Rb6 {\"All rook endgames are drawn.\" Unless you are two pawns down. Jokes aside, the endgame is easily winning for White.} 34...g5 35.Rb8 Kg6 36.b6 Rb3 37.Kf1 Rb2 38.Ke1 Kf6 39.b7 {In this position, White has pushed the pawn all the way to b7 and next can create a passed pawn on the other flank. The passer needs to be an f-pawn since g- or h- pawns are not enough to break the resistance.} 39...Kg7 40.Kd1 f6 41.Kc1 Rb6 42.Kc2 Rb5 43.Kc3 Rb1 44.Kd4 Rb5 45.Ke4 Re5+ 46.Kf3 Rb5 47.Kg4 Rb4+ 48.Kh5 Rb6 49.h4 $1 Rb5 50.hxg5 Rxg5+ 51.Kh4 Rb5 52.g4 Rb4 53.f4 Rb3 54.f5 ( 54.g5 fxg5+ 55.fxg5 $4 {[%c_effect g5;square;g5;type;Blunder;persistent;true] I'm suggesting this horrible move in order to show the difference. Here, Black can simply wait. If White has an f-pawn, then he can push it forward and win.} ) 54...Rb4 55.Kh5 Rb1 56.g5 Rh1+ 57.Kg4 Rg1+ 58.Kf3 Rf1+ 59.Kg2 Rb1 60.gxf6+ Kf7 61.Rh8 $1 {[%c_effect h8;square;h8;type;GreatFind;persistent;true] A typical device.} 61...Rb2+ 62.Kg3 Rb3+ 63.Kg4 Rb4+ 64.Kf3 Rb3+ 65.Ke2 Rb2+ 66.Kd3 Rb3+ 67.Kc4 1-0

[Event "Champions Chess Tour  Aimchess Rapid 2023"]
[Site "Chess.com"]
[Date "2023.07.12"]
[Round "3"]
[White "Carlsen, Magnus"]
[Black "Abdusattorov, Nodirbek"]
[Result "1-0"]
[WhiteElo "2903"]
[BlackElo "2831"]
[ECO "B42"]
[EventDate "2023.??.??"]
[Annotator "rafael"]
[PlyCount "85"]
[Beauty "7491765149726"]
[EventType "rapid"]
[TimeControl "900+3"]

1.e4 c5 2.Nf3 e6 3.d4 cxd4 4.Nxd4 Nf6 5.Bd3 {Much less common than 5.Nc3. Carlsen usually finds his own ways to play the openings, most of the time avoiding variations that are too theoretical. Everybody recognizes his brilliant play, especially in the endgame, but I think his legacy in opening theory is no less important and usually underrated.} 5...d6 {Certainly not the way to challenge, theoretically speaking, white's previous move. Abdusattorov makes a practical choice to accept a hedgehog pawn structure.} ( 5...Nc6 {is the critical move.} ) 6.c4 Be7 7.Nc3 a6 8.Be3 O-O 9.O-O b6 10.f4 Qc7 11.Rc1 Nbd7 {Black's position became very passive and one might think that White has a comfortable position, but actually it's already winning after Carlsen's next move.} 12.g4 $1 ( 12.b4 {is the move most people would play, but the move played in the game is even better.} ) 12...Nc5 13.Bb1 Bb7 14.Qf3 g6 15.b4 ( 15.g5 $1 {[%c_effect g5;square;g5;type;GreatFind;persistent;true] is more accurate.} 15...Nh5 ( 15...Ne8 16.b4 Nd7 17.Qh3 {followed by f4-f5 with a crushing attack.} ) 16.f5 $1 {[%c_effect f5;square;f5;type;GreatFind;persistent;true] Black's knight is far from the e5-square and this move becomes very strong.} 16...exf5 17.Nxf5 {with a winning initiative, for instance:} 17...gxf5 18.Qxh5 fxe4 19.Bd4 {and White will soon checkmate.} ) 15...Ncd7 16.g5 ( 16.Qh3 {The attack is still very strong after f4-f5.} ) 16...Nh5 {The situation is not so clear anymore.} 17.Nd5 $5 {[%c_effect d5;square;d5;type;Interesting;persistent;true] A bold sacrifice.} ( 17.Qh3 {is natural, again with the idea of f4-f5, but now Black is surviving after} 17...Qd8 $1 ) 17...Qd8 {A good decision. Accepting the knight leads to a chaotic position.} ( 17...exd5 18.Nf5 $1 {[%c_effect f5;square;f5;type;GreatFind;persistent;true] The best way to attack.} ( {After} 18.cxd5 Qd8 {the compensation is not clear.} ) 18...Rae8 ( 18...gxf5 $2 19.cxd5 Qd8 20.Qxh5 {with a winning attack.} ) 19.Bd4 f6 20.cxd5 Qd8 {White's initiative is very dangerous, but not yet winning.} ) 18.Nxe7+ Qxe7 19.Qh3 {The worst is over for Black.} 19...Rae8 ( 19...a5 $1 {[%c_effect a5;square;a5;type;GreatFind;persistent;true] is the best way to start a counterplay. If White tries to keep the structure intact, then the rook becomes active after} 20.a3 axb4 21.axb4 Ra3 $1 ) 20.Rce1 Qd8 21.Ne2 $1 {[%c_effect e2;square;e2;type;GreatFind;persistent;true] A subtle move.} ( 21.f5 {leads to an unclear position after} 21...exf5 22.Nxf5 ( 22.exf5 $6 Ne5 {is better for Black.} ) 22...gxf5 23.Qxh5 Bxe4 ) 21...e5 $2 {[%c_effect e5;square;e5;type;Mistake;persistent;true] This move is usually a mistake when White is able to reply with f4-f5. This position is not an exception.} ( 21...f6 22.Nd4 $1 {[%c_effect d4;square;d4;type;GreatFind;persistent;true] is good for White.} ) ( 21...f5 $1 {[%c_effect f5;square;f5;type;GreatFind;persistent;true] is the best way to fight.} ) 22.f5 f6 23.Qh4 Rf7 24.Rd1 $1 {[%c_effect d1;square;d1;type;GreatFind;persistent;true] Carlsen is not in a hurry.} ( 24.Ng3 $6 {[%c_effect g3;square;g3;type;Inaccuracy;persistent;true] allows Black to sacrifice a pawn and achieve a good position after} 24...Nf4 25.Bxf4 exf4 26.Qxf4 fxg5 27.Qxd6 Ne5 ) 24...Qc7 25.Bd3 Ref8 26.gxf6 ( 26.Rf2 {is also possible, preparing to double rooks on the f-file.} ) 26...Ndxf6 27.Bh6 {Black needs to sacrifice something in order to complicate the game, but how $2} 27...g5 $5 {[%c_effect g5;square;g5;type;Interesting;persistent;true] Black is losing, but this is an interesting practical attempt.} ( 27...Re8 {Passive play is not enough:} 28.fxg6 hxg6 29.Ng3 {with a much better position for White.} ) ( 27...b5 $1 {[%c_effect b5;square;b5;type;GreatFind;persistent;true] is the computer's suggestion, simply sacrificing the exchange. Not an easy move to play, to say the least.} ) 28.Qxg5+ Kh8 29.Bxf8 Rxf8 30.Ng3 Rg8 31.Qh6 Qf7 {Everybody knows that White must be winning, but with little time on the clock it's not easy to demonstrate it and Black finally has an active position, at the cost of material. One thing the computer is not able to teach us is how difficult a position is to play. Maybe this is an idea for future engine development: some indication if the position is winning with many moves (easy) or if you need to play with a lot of precision (difficult).} 32.Be2 ( 32.Rf2 $1 {[%c_effect f2;square;f2;type;GreatFind;persistent;true] The type of computer move that not even Carlsen can play with little time.} 32...Nxg3 33.hxg3 Rxg3+ 34.Rg2 Rxg2+ 35.Kxg2 Nxe4 36.Kg1 {Only a computer can play like this and I could not believe my eyes, thinking, what was the machine's idea against the capture on f5 $2} 36...Qxf5 {Now the point is:} 37.Rd2 $3 {[%c_effect d2;square;d2;type;Brilliant;persistent;true] The only winning move. The rook protects the king from the checks} ) 32...Nf4 $2 ( 32...Nxg3 {gives better chances.} 33.hxg3 Nxe4 34.g4 Ng3 35.Qxd6 $1 Nxe2+ 36.Kf2 Re8 $1 {[%c_effect e8;square;e8;type;GreatFind;persistent;true] with total chaos on the board.} ) 33.Rxf4 {The human move. Capturing this knight is irresistible.} ( 33.Bf3 {is also good.} ) 33...exf4 34.Qxf4 Nxe4 35.Kf1 $1 {[%c_effect f1;square;f1;type;GreatFind;persistent;true] Very accurate.} ( 35.Bf3 {is not good:} 35...Nxg3 36.hxg3 Bxf3 37.Qxf3 Qxc4 ) 35...Qg7 36.f6 $5 {[%c_effect f6;square;f6;type;Interesting;persistent;true] An interesting and surprising move. The machine claims that both 36.Bd3 and 36.Qe3 are winning.} ( 36.Bf3 {again is bad:} 36...Nxg3+ 37.hxg3 Bxf3 38.Qxf3 Qe5 {with escaping chances.} ) ( 36.Bd3 ) ( 36.Qe3 ) 36...Nxf6 37.Ke1 $2 {[%c_effect e1;square;e1;type;Mistake;persistent;true] This move lets a good part of the advantage slip. Both players were really short of time and it's nearly impossible to play this position well.} ( 37.Qxd6 $1 {[%c_effect d6;square;d6;type;GreatFind;persistent;true] is better.} ) 37...Qe7 $2 ( 37...Re8 $1 {[%c_effect e8;square;e8;type;GreatFind;persistent;true] is the best chance.} 38.Rxd6 ( 38.Qxd6 Ne4 ) 38...Ne4 39.Nxe4 Bxe4 {and Black has chances because white's king is vulnerable.} ) 38.Qxd6 $1 Qg7 39.Qxb6 {White just captures all the pawns.} 39...Re8 40.Rd8 $1 {[%c_effect d8;square;d8;type;GreatFind;persistent;true] An important move that ends any attacking attempt.} 40...Rxd8 41.Qxd8+ Ng8 42.Nf5 Qc3+ 43.Kf2 1-0